Map: Washout LE

Players

Stryder - Winner!

  • Race: Terran Terran

VOD

Have the link to the VOD?

Description

Time

  • Played on: Oct. 2, 2026, 1:40 p.m.
  • Length: 21:24
Show
View Real Time Build Order
Export as new Build Order

Stryder Terran - Winner!

Build Orders:  

Get SALT Encoding   

  8  0:12  SCV  
  9  0:31  SCV  
  10  1:26  SCV  
  10  1:29  Supply Depot  
  11  2:05  Refinery, SCV  
  12  2:23  Barracks  
  12  2:25  SCV  
  13  2:50  SCV  
  14  3:10  SCV  
  15  3:30  Supply Depot, SCV  
  15  3:33  Marine  
  17  3:51  Orbital Command  
  17  4:08  Supply Depot  
  17  4:21  Marine  
  17  4:29  SCV  
  19  4:46  Marine  
  20  5:06  Refinery  
  20  5:08  SCV  
  21  5:11  Marine  
  22  5:25  SCV  
  23  5:36  Marine  
  23  5:37  Command Center  
  24  5:46  SCV  
  25  6:29  SCV  
  26  6:30  Marine  
  27  6:54  SCV  
  28  7:12  Barracks Tech Lab  
  28  7:29  Bunker  
  28  7:36  Supply Depot  
  28  7:44  SCV  
  28  7:48  SCV  
  30  7:57  Marauder  
  32  8:05  SCV  
  33  8:20  Engineering Bay  
  33  8:22  SCV  
  33  8:24  SCV  
  35  8:33  Marauder  
  35  8:39  Concussive Shells  
  37  8:44  SCV  
  38  8:58  SCV  
  39  9:14  Supply Depot  
  39  9:20  SCV  
  39  9:29  Marauder  
  42  9:47  Unknown  
  42  10:24  Marauder  
  42  10:29  Terran Infantry Weapons Level 1  
  44  10:36  SCV  
  45  10:55  Planetary Fortress  
  45  11:06  Marine  
  45  11:07  Refinery  
  45  11:37  Marine  
  45  11:58  SCV  
  46  12:08  Marine  
  46  12:09  Stimpack  
  47  12:20  Barracks  
  47  12:34  Marine  
  48  12:55  Bunker  
  48  13:08  Supply Depot, Marine  
  49  13:36  Marine  
  49  13:37  Marine  
  51  13:42  Terran Infantry Armor Level 1  
  51  14:06  Marine  
  51  14:07  Marine  
  53  14:17  SCV  
  54  14:26  SCV  
  55  14:39  Marine x2  
  57  14:42  SCV  
  58  15:17  Marine x2  
  59  15:45  Marauder  
  59  15:46  Marine  
  59  15:48  Supply Depot  
  62  16:50  Marauder  
  62  16:51  Marine  
  65  17:22  Supply Depot  
  65  17:33  Marine  
  65  17:35  Marauder  
  68  18:00  SCV x2  
  69  18:11  Marine, Marauder  
  72  18:41  Marine, Marauder  
  75  19:06  Marine  
  76  19:11  Marauder  
  78  20:18  Marine, Marauder  
  81  20:57  Marine  
Tags
 
Matchup
Co-op
Add a new tag
Caveats
  • Supply blocks, unpowered buildings, or Contaminate may cause inaccurate times.
  • Supply counts are checked every 10 seconds.